Map: Cyber Forest LE

Players

PtitDrogo - Winner!

  • Race: Protoss Protoss
  • League: Master
  • Spawn Location: 5:00

Kas

  • Race: Terran Terran
  • League: Master
  • Spawn Location: 11:00

Event: HomeStory Cup XIX

VOD

Have the link to the VOD?

Description

Time

  • Played on: June 28, 2019, 2:06 p.m.
  • Length: 7:22

All games in this series

Show
View Real Time Build Order
Export as new Build Order

PtitDrogo Protoss - Winner!

Build Orders: 1 Gate Expand, Zealot Archon 

Get SALT Encoding   

  12  0:00  Probe  
  13  0:12  Probe  
  14  0:17  Pylon  
  14  0:24  Probe  
  15  0:32  Probe  
  15  0:36  Gateway  
  15  0:40  Probe  
  16  0:45  Assimilator  
  17  0:51  Probe  
  18  1:03  Probe  
  19  1:15  Probe  
  20  1:24  Nexus  
  20  1:31  Cybernetics Core  
  20  1:34  Probe  
  21  1:40  Assimilator  
  21  1:46  Probe  
  22  1:51  Pylon  
  22  1:58  Probe  
  22  1:59  Stalker  
  23  2:07  Warp Gate  
  23  2:11  Probe  
  26  2:22  Robotics Facility  
  26  2:23  Probe  
  27  2:30  Stalker  
  27  2:32  Probe x2  
  31  2:40  Probe x2  
  31  2:50  Probe x2  
  35  3:01  Sentry, Gateway  
  35  3:03  Observer  
  35  3:04  Gateway  
  37  3:05  Probe  
  37  3:08  Probe  
  40  3:18  Probe  
  40  3:19  Pylon  
  41  3:20  Probe  
  41  3:24  Observer  
  41  3:26  Pylon  
  43  3:30  Probe  
  43  3:32  Probe  
  43  3:33  Assimilator  
  45  3:36  Assimilator  
  45  3:40  Probe  
  45  3:42  Probe  
  45  3:45  Observer  
  45  3:48  Observer, Probe  
  48  3:54  Probe  
  50  3:56  Stalker  
  50  3:58  Stalker  
  50  3:59  Stalker  
  50  4:00  Probe  
  57  4:06  Probe  
  58  4:23  Stalker x2  
  62  4:25  Pylon  
  62  4:29  Forge, Twilight Council  
  61  4:32  Pylon  
  61  4:49  Charge  
  61  4:52  Nexus  
  61  4:55  Pylon  
  61  4:57  Protoss Ground Weapons Level 1  
  61  5:01  Stalker x3  
  65  5:11  Immortal  
  65  5:13  Observer  
  64  5:26  Gateway  
  68  5:29  Gateway  
  68  5:31  Templar Archives  
  68  5:38  Gateway  
  68  5:41  Shield Battery  
  68  5:44  Sentry  
  68  5:45  Zealot  
  72  5:52  Zealot  
  74  6:02  Immortal, Pylon  
  76  6:12  High Templar  
  76  6:13  High Templar  
  76  6:14  Zealot  
  76  6:18  Archon, Pylon  
  82  6:23  Probe x3  
  82  6:25  Zealot x2  
  89  6:29  Observer  
  89  6:33  Zealot  
  89  6:35  Zealot  
  89  6:37  Pylon  
  92  6:47  High Templar x2  
  92  6:48  Zealot x2  
  92  6:52  Archon  
  92  6:54  Zealot, Pylon  
  100  6:55  Zealot  
  104  7:08  Probe  
Show
View Real Time Build Order
Export as new Build Order

Kas Terran 

Build Orders:  

Get SALT Encoding   

  12  0:00  SCV  
  13  0:12  SCV  
  14  0:17  Supply Depot  
  14  0:24  SCV  
  15  0:39  SCV  
  15  0:40  Barracks  
  16  0:44  Refinery  
  16  0:51  SCV  
  17  1:03  SCV  
  18  1:15  SCV  
  19  1:27  Orbital Command, Marine  
  20  1:42  Command Center  
  20  1:46  Barracks Reactor  
  20  1:53  SCV  
  21  1:55  Supply Depot  
  21  2:05  SCV  
  21  2:07  Factory  
  22  2:17  SCV  
  22  2:18  Refinery  
  23  2:23  Marine x2  
  23  2:29  SCV  
  26  2:41  Marine x2, SCV  
  29  2:53  Starport, SCV  
  29  2:54  Factory Tech Lab  
  29  2:55  Orbital Command  
  30  3:01  Marine  
  30  3:02  Marine  
  32  3:05  SCV  
  32  3:12  Siege Tank  
  36  3:18  Marine, SCV  
  38  3:20  Marine  
  38  3:23  SCV  
  40  3:29  Supply Depot  
  40  3:31  Viking  
  42  3:35  SCV  
  42  3:36  SCV  
  42  3:39  Marine x2  
  46  3:45  Supply Depot  
  46  3:51  Siege Tank  
  49  3:57  Marine x2, SCV x2  
  53  4:06  Viking  
  55  4:11  SCV  
  55  4:13  Supply Depot  
  55  4:14  Marine, SCV  
  55  4:15  Marine  
  59  4:27  Siege Tank  
  62  4:34  Marine x2, SCV  
  65  4:40  Viking  
  65  4:43  SCV  
  65  4:44  Supply Depot  
  68  4:46  Supply Depot  
  68  4:52  Marine x2  
  65  4:55  SCV  
  65  4:57  Supply Depot  
  60  5:09  Siege Tank  
  60  5:10  Marine x2  
  64  5:14  Viking  
  66  5:33  SCV  
  67  5:40  Marine x2  
  67  5:44  Viking  
  67  5:48  Barracks  
  67  5:49  SCV  
  70  5:51  Barracks, Refinery  
  70  5:58  Marine  
  70  6:00  Siege Tank, Marine  
  75  6:05  Liberator  
  75  6:13  SCV  
  75  6:16  Marine  
  75  6:17  Supply Depot  
  77  6:18  Marine  
  77  6:23  SCV  
  82  6:39  Marine x2  
  82  6:40  Marine, Barracks Tech Lab  
  82  6:42  Siege Tank  
  88  6:47  Bunker  
  88  6:49  Bunker x2  
  88  6:52  SCV  
  88  6:53  Supply Depot  
  88  6:54  Bunker, SCV  
  89  6:57  Marine  
Tags
 
Add a new tag
Caveats
  • Supply blocks, unpowered buildings, or Contaminate may cause inaccurate times.
  • Supply counts are checked every 10 seconds.